 Dungeon Crawl Stone Soup version 0.31-a0-986-g5e6e4ef867 (webtiles) character file.

Game seed: 348841899225127014

764 wildpjah the Slasher (level 7, -1/43 HPs)
             Began as a Tengu Gladiator on Nov 20, 2023.
             Slain by a wight
             ... wielding a +0 great sword
              (18 damage)
             ... on level 5 of the Dungeon.
             The game lasted 00:07:58 (3386 turns).

wildpjah the Slasher (Tengu Gladiator)              Turns: 3386, Time: 00:07:59

Health: -1/43      AC:  4    Str: 14    XL:     7   Next: 81%
Magic:  8/8        EV: 18    Int:  9    God:
Gold:   54         SH:  0    Dex: 17    Spells: 6/6 levels left

rFire   . . .        B - +2 falchion (pain)
rCold   . . .        k - orb {light}
rNeg    . . .        b - +0 leather armour
rPois   .            c - +0 hat
rElec   .            (no cloak)
rCorr   .            m - +0 pair of gloves
SInv    .            (boots unavailable)
Will    .....        y - amulet of regeneration
Stlth   +            (no ring)
HPRegen 1.07/turn    (no ring)
MPRegen 0.11/turn

%: acrobat
@: flying, hasted, glowing, very quick
A: beak, talons 3, evasive flight, acrobatic
a: no special abilities


You were on level 5 of the Dungeon.
You visited 1 branch of the dungeon, and saw 5 of its levels.

You collected 249 gold pieces.
You spent 195 gold pieces at shops.

Inventory:

Hand Weapons
 a - a +0 long sword
 i - a +2 short sword of venom
 B - a +2 falchion of pain (weapon)
Missiles
 d - 3 throwing nets
 u - 4 curare-tipped darts
Armour
 b - a +0 leather armour (worn)
 c - a +0 hat (worn)
 k - an orb of light (worn)
 m - a +0 pair of gloves (worn)
Jewellery
 y - an amulet of regeneration (around neck)
Wands
 D - a wand of digging (4)
 F - a wand of flame (18)
 G - a wand of iceblast (9)
Scrolls
 f - 2 scrolls of revelation {unknown}
 j - 7 scrolls of identify {unknown}
 l - a scroll of fear {unknown}
 n - a scroll of torment {unknown}
 q - 2 scrolls of poison {unknown}
 s - a scroll of acquirement {unknown}
 w - 2 scrolls of teleportation {unknown}
 C - a scroll of amnesia {unknown}
 E - a scroll of fog {unknown}
Potions
 g - 3 potions of haste
 h - a potion of cancellation
 o - 3 potions of curing {unknown}
 p - a potion of attraction {unknown}
 r - a potion of ambrosia {unknown}
 t - a potion of lignification {unknown}
 v - 4 potions of brilliance {unknown}
 x - a potion of resistance {unknown}
 z - a potion of enlightenment {unknown}
 A - a potion of mutation {unknown}
 H - a potion of berserk rage {unknown}
 I - a potion of heal wounds {unknown}
 J - a potion of invisibility {unknown}


   Skills:
 * Level 4.1 Fighting
 + Level 2.7(4.5) Short Blades
 * Level 5.6(5.9) Long Blades
 + Level 2.5 Throwing
 + Level 2.8 Armour
 * Level 5.1 Dodging
 + Level 1.1 Stealth
 * Level 1.9 Necromancy


You had 6 spell levels left.
You didn't know any spells.
Your spell library contained the following spells:

 Spells                   Type           Power      Damage    Failure   Level
 Ensorcelled Hibernation  Hex/Ice        0%         N/A       58%         2
 Jinxbite                 Hex            0%         N/A       58%         2
 Scorch                   Fire           0%         2d5       58%         2
 Ozocubu's Armour         Ice            0%         N/A       83%         3
 Anguish                  Hex/Necr       0%         N/A       98%         4
 Flame Wave               Conj/Fire      0%         2d4       99%         4
 Summon Cactus Giant      Summ           0%         N/A       100%        6
 Ozocubu's Refrigeration  Ice            0%         4d7       100%        7


Dungeon Overview and Level Annotations

Branches:
Dungeon (5/15)
 Temple: D:4-7

Altars:
Ashenzari
Cheibriados
Hepliaklqana
Ru
Sif Muna
Yredelemnul

Shops:
D:2 (   D:4 (:


Innate Abilities, Weirdness & Mutations

You have a beak for a mouth.
You have claws for feet.
Your magical flight helps you evade attacks. (EV +4)
You can magically evade attacks while moving or waiting.


Message History

Press: ? - help, Q - select action, (/) - cycle Shift-Dir - straight line, f - wight
Aim: a wight, wielding a +3 hand axe and wearing a +0 robe (haloed, 78% to hit)
You throw a javelin. The javelin barely misses the wight.
The javelin pierces through the wight!
The wight is heavily damaged.
The javelin pierces through the wight.
The wight is moderately damaged.
The javelin pierces through the wight but does no damage.
You completely miss the wight. Your peck misses the wight.
The wight hits you with a +3 hand axe.
You barely miss the wight. You claw the wight.
You peck the wight, but do no damage.
The wight is lightly damaged.
The wight hits you with a +3 hand axe!
You feel drained.
You hit the wight. You claw the wight. Your peck misses the wight.
The wight is moderately damaged.
The wight hits you with a +3 hand axe!
You hit the wight. Your kick misses the wight.
The wight is heavily damaged.
The wight misses you.
You hit the wight. You claw the wight.
The wight is severely damaged.
The wight hits you with a +3 hand axe!
* * * LOW HITPOINT WARNING * * *
You barely miss the wight. You peck the wight.
The wight is almost destroyed.
The wight misses you.
You hit the wight but do no damage. You claw the wight.
You destroy the wight!
Your life force feels restored.
Your Fighting skill increases to level 4!
It was a potion of haste.
You feel yourself speed up. The wight completely misses you.
The wight misses you.
You hit the wight. You claw the wight, but do no damage.
The wight is severely damaged.
The wight barely misses you. The wight closely misses you.
You barely miss the wight.
The wight is severely damaged.
The wight hits you with a +0 great sword!!
You die...

#....#.# #.............# #..####
.....#.###......(....<.# #......
#..#.#.............zzz.# ##......
.....#..##....##'# #.....#.
.#...%........##.# #..#<...
.##.#.........##z# ##..#####
##.⌠.......)..##z# ###...#....
....#.........##z# #...#.#.###
...####).......#@# ##.###.#.#
...#...#.......#.#####..###.#.#
...+...#.......#.#<.........#)#
...#...#.......#.#####.######)###
...#)###.#####<#.####..# #....#
....#.....######.#....######....#
#.)⌠#...........................#
.####.#...######.#.#########....#
.#.......## #.....#.....'.....


You could see 3 wights.

Vanquished Creatures
  A water moccasin (D:5)
  2 black bears (D:5)
  A scorpion (D:5)
  2 wights (D:5)
  A howler monkey (D:5)
  3 hounds (D:5)
  A sleepcap (D:3)
  2 adders
  4 gnolls (D:5)
  A worm (D:5)
  3 dart slugs
  11 orcs
  10 endoplasms
  5 giant cockroaches
  10 goblins
  5 hobgoblins
  6 jackals
  2 quokkas
  5 ball pythons
  7 bats
  6 frilled lizards
  6 kobolds
  4 rats
98 creatures vanquished.

Notes
Turn   | Place    | Note
-------+----------+-------------------------------------------
     0 | D:1      | wildpjah the Tengu Gladiator began the quest for the Orb.
     0 | D:1      | Reached XP level 1. HP: 12/12 MP: 2/2
   206 | D:1      | Reached XP level 2. HP: 17/17 MP: 3/3
   726 | D:1      | You fall into a shaft and drop 1 floor!
   729 | D:2      | Found Qozab's Weapon Emporium.
   753 | D:2      | Reached XP level 3. HP: 12/21 MP: 4/4
  1278 | D:2      | Found a sacrificial altar of Ru.
  1378 | D:3      | Identified the +1 pair of boots of Skepticism {Slay+2}
  1430 | D:3      | Reached XP level 4. HP: 27/27 MP: 5/5
  1498 | D:3      | Reached skill level 1 in Short Blades
  1689 | D:3      | Found a shimmering blue altar of Sif Muna.
  1798 | D:3      | Reached XP level 5. HP: 31/31 MP: 6/6
  2077 | D:4      | Reached skill level 1 in Armour
  2132 | D:4      | Found Magouti's Self-Published Books.
  2162 | D:4      | Found a sacrificial altar of Ru.
  2429 | D:4      | Found Jamouh's Weapon Emporium.
  2435 | D:4      | Bought a +2 falchion of pain for 195 gold pieces
  2801 | D:5      | Entered Level 5 of the Dungeon
  2801 | D:5      | Noticed a black bear
  2804 | D:5      | Killed a black bear
  2805 | D:5      | Reached skill level 1 in Stealth
  2805 | D:5      | Reached XP level 6. HP: 37/37 MP: 7/7
  2999 | D:5      | Noticed a water moccasin
  3007 | D:5      | Killed a water moccasin
  3008 | D:5      | Reached skill level 5 in Long Blades
  3008 | D:5      | Reached skill level 1 in Necromancy
  3009 | D:5      | Found a hazy altar of Hepliaklqana.
  3046 | D:5      | Gained mutation: Your magical flight helps you evade
                  | attacks. (EV +4) [Tengu growth]
  3046 | D:5      | Reached XP level 7. HP: 40/41 MP: 8/8
  3054 | D:5      | Reached skill level 5 in Dodging
  3070 | D:5      | Found a snail-covered altar of Cheibriados.
  3089 | D:5      | Found a broken altar of Ashenzari.
  3274 | D:5      | Found a basalt altar of Yredelemnul.
  3386 | D:5      | Slain by a wight

Illustrated notes

Levels and vault maps discovered:
D:1:      sevenhm_arrival_forest_fort_large_4, layout_loops_corners
D:2:      layout_basic, basic_altar, serial_shops, nicolae_shop_tiny_waterfront
D:3:      layout_rooms, lemuel_doored_altar
D:4:      layout_loops_ring, mainiacjoe_overflow_24_doors, serial_shops,
          nicolae_square_shop, nicolae_custom_books, chequers_arboretum,
          minmay_misc_feat_pillars, hangedman_abyss_or_decor_jellyfish_corner
D:5:      layout_basic, kennysheep_little_box, evilmike_ruin_ashenzari,
          mainiacjoe_overflow_cross_hatched, mainiacjoe_overflow_brackets

Skill      XL: |  1  2  3  4  5  6  7 |
---------------+----------------------+-----
Long Blades    | 4 5 |  5.6
Dodging        | 4 5 |  5.1
Short Blades   | 1 2 |  2.7
Armour         | 1 2 |  2.8
Fighting       | 3 4 |  4.1
Stealth        | 1 |  1.1
Necromancy     | 1 |  1.9
Throwing       | |  2.5

Action                     |  1- 3 |  4- 6 |  7- 9 || total
---------------------------+-------+-------+-------++-------
  Melee: Long sword        |    21 |       |       ||    21
         Kick              |    15 |    32 |    20 ||    67
         Peck              |     7 |    13 |    10 ||    30
         Short sword       |    61 |    59 |       ||   120
         Falchion          |       |    27 |    51 ||    78
  Throw: Javelin           |     1 |     1 |     1 ||     3
         Dart              |       |     1 |       ||     1
    Use: Potion            |     1 |       |     1 ||     2
   Stab: Sleeping          |     3 |       |       ||     3
 Armour: Leather armour    |    29 |    27 |    23 ||    79
  Dodge: Dodged            |    57 |    63 |    38 ||   158

Table legend: (Time is in decaauts)
 A = Elapsed time spent in this place.
 B = Non-inter-level travel time spent in this place.
 C = Inter-level travel time spent in this place.
 D = Time resting spent in this place.
 E = Time spent auto-exploring this place.
 F = Levels seen in this place.
 G = Mean time per level.
                   A        B        C        D        E       F      G
               +--------+--------+--------+--------+--------+-----+--------+
         Total |   3377 |   3260 |    117 |     41 |   2588 |   5 |  675.4 |
       Dungeon |   3377 |   3260 |    117 |     41 |   2588 |   5 |  675.4 |
               +--------+--------+--------+--------+--------+-----+--------+

Top non-repeatable levels by time:
     D:4: 790 daAuts
     D:1: 728 daAuts
     D:2: 640 daAuts
     D:3: 630 daAuts
     D:5: 587 daAuts
